 Dungeon Crawl Stone Soup version 0.27.1-33-g824d729ab1 (webtiles) character file.

Game seed: 8630438908763421108

4835 pkoi the Martial Artist (level 10, -13/83 HPs)
             Began as a Green Draconian Monk on Dec 17, 2021.
             Killed from afar by Erolcha (27 damage)
             ... with a fireball
             ... on level 9 of the Dungeon.
             The game lasted 00:14:56 (13613 turns).

pkoi the Martial Artist (Green Draconian Monk)     Turns: 13613, Time: 00:14:56

Health: -13/83     AC: 10    Str: 19    XL:     10   Next: 25%
Magic:  16/16      EV: 13    Int: 15    God:
Gold:   480        SH:  5    Dex: 13    Spells: 16/18 levels left

rFire    . . .     SeeInvis .     - Unarmed
rCold    . . .     Faith    .   (no shield)
rNeg     . . .     Spirit   .   (armour unavailable)
rPois    +         Reflect  +   (helmet restricted)
rElec    .         Harm     .   j - +0 cloak
rCorr    .         Rampage  .   A - +0 pair of gloves
Will     +....                  E - +0 pair of boots
Stlth    ++........             w - amulet of reflection
HPRegen  0.23/turn              k - +6 ring of strength
MPRegen  0.15/turn              x - ring of willpower

@: no status effects
A: breathe noxious fumes, AC +7, unfitting armour, poison resistance,
cold-blooded
a: Breathe Noxious Fumes


You were on level 9 of the Dungeon.
You visited 2 branches of the dungeon, and saw 10 of its levels.

You collected 480 gold pieces.

Inventory:

Hand Weapons
 a - a +2 spear of venom
 c - a +3 trident of venom
Missiles
 g - 12 boomerangs (quivered)
Armour
 j - a +0 cloak (worn)
 A - a +0 pair of gloves (worn)
 E - a +0 pair of boots (worn)
Jewellery
 k - a +6 ring of strength (left hand)
 r - a ring of resist corrosion
 w - an amulet of reflection (around neck)
 x - a ring of willpower (right hand)
Wands
 y - a wand of acid (9)
 z - a wand of paralysis (13)
 B - a wand of iceblast (9)
 G - a wand of charming (8)
 H - a wand of polymorph (12)
Scrolls
 b - 4 scrolls of enchant armour {unknown}
 d - a scroll of fog {unknown}
 e - 9 scrolls of teleportation
 f - 5 scrolls of identify {unknown}
 h - a scroll of vulnerability {unknown}
 m - a scroll of amnesia {unknown}
 p - 2 scrolls of noise {unknown}
 q - 2 scrolls of torment {unknown}
 u - a scroll of blinking {unknown}
Potions
 i - 2 potions of lignification {unknown}
 l - 3 potions of cancellation {unknown}
 n - a potion of brilliance {unknown}
 o - a potion of haste {unknown}
 s - 4 potions of curing {unknown}
 t - a potion of heal wounds {unknown}
 v - a potion of flight
 C - a potion of attraction {unknown}
 D - a potion of mutation {unknown}
 F - 3 potions of degeneration {unknown}


   Skills:
 - Level 6.0 Fighting
 - Level 5.0 Dodging
 - Level 1.7 Stealth
 * Level 10.7 Unarmed Combat
 + Level 4.5 Spellcasting
 + Level 4.9 Air Magic
 + Level 5.9 Poison Magic


You had 16 spell levels left.
You knew the following spells:

 Your Spells              Type           Power      Damage    Failure   Level
a - Poisonous Vapours     Pois/Air       38%        N/A       2%          2

Your spell library contained the following spells:

 Spells                   Type           Power      Damage    Failure   Level
 Corpse Rot               Necr/Air       N/A        N/A       10%         2
 Static Discharge         Conj/Air       10%        N/A       10%         2
 Mephitic Cloud           Conj/Pois/Air  14%        N/A       12%         3
 Magic Dart               Conj           12%        1d3       17%         1
 Pain                     Necr           12%        1d4       17%         1
 Call Imp                 Summ           3%         N/A       26%         2
 Tukima's Dance           Hex            3%         N/A       45%         3
 Dispel Undead            Necr           3%         3d7       86%         4
 Passage of Golubria      Tloc           N/A        N/A       86%         4
 Sticky Flame             Conj/Fire      3%         2d3       86%         4
 Freezing Cloud           Conj/Ice/Air   4%         6-21      94%         5
 Agony                    Necr           3%         N/A       99%         5
 Excruciating Wounds      Necr           1%         N/A       99%         5
 Yara's Violent Unravell  Hex/Tmut       1%         3d3       99%         5


Dungeon Overview and Level Annotations

Branches:
Dungeon (9/15)             Temple (1/1) D:6            Lair (0/6) D:8
    Orc: D:9-12

Altars:
Ashenzari
Cheibriados
Fedhas
Gozag
Hepliaklqana
Kikubaaqudgha
Nemelex Xobeh
Okawaru
Qazlal
Ru
Sif Muna
Trog
Uskayaw
Vehumet
Wu Jian
Xom
Zin
The Shining One

Shops:
D:6 =

Annotations:
D:7 2 runed translucent doors
D:9 Erolcha, Joseph


Innate Abilities, Weirdness & Mutations

You can breathe blasts of noxious fumes.
Your lurid green scales are hard. (AC +7)
You cannot fit into any form of body armour.
Your system is resistant to poisons. (rPois)
You are cold-blooded and may be slowed by cold attacks.


Message History

A kobold and an orc come into view.
The kobold shouts!
The orc shouts!
The kobold moves out of view.
There is an open door here.
A kobold comes into view.
It is wielding a +0 dagger and quivering poisoned darts.
You have got your breath back.
The kobold shouts!
You hit the kobold.
You kill the kobold!
The chaos spawn hits you!
* * * LOW HITPOINT WARNING * * *
The chaos spawn freezes you!
* * * LOW HITPOINT WARNING * * *
Unknown command.
As you read the scroll labelled KUGUJ BIOFAAGU, it crumbles to dust.
You feel strangely unstable.
It was a scroll of teleportation.
The kobold hits you but does no damage. The chaos spawn barely misses you.
The chaos spawn degenerates into a cloud of primal chaos!
The kobold throws a stone.
The stone hits you but does no damage. The iron imp puffs mist at you.
You hit the kobold.
You kill the kobold!
An orc warrior comes into view. It is wielding a +0 mace.
You block the kobold's attack.
An orc comes into view. It is wielding a +0 short sword.
You block the orc's attack. The two-headed ogre closely misses you.
The two-headed ogre hits you with a +0 giant spiked club!
* * * LOW HITPOINT WARNING * * *
The kobold unwields a +0 hand crossbow.
The kobold wields a +0 short sword.
The kobold barely misses you.
An acid dragon comes into view.
Things that are here:
a +0 short sword; 2 stones Your surroundings suddenly seem different.
Erolcha the Cunning comes into view.
She is wielding a +0 giant club.
Found a runed war axe.
Erolcha shouts!
Erolcha gestures at you while chanting.
The fireball explodes!
The fireball engulfs you!!
You die...

###############
#.............#. #####
#.............#.#######...#
#.........@...#.#.....'...'
#.............#.....###...#
#...O.........#.....'.+....
#.............#.....###....
#..)..........#.....# #....
#.............#.<...# #....
............#.....# #....
...........#.#'#.# #....
#.#.#.# #...#


You could see Erolcha.

Vanquished Creatures
  A kobold demonologist (D:9)
  A troll (D:8)
  A wyvern (D:5)
  A steam dragon (D:7)
  An acid dragon (D:9)
  Duvessa (D:5)
  5 orc warriors
  A black bear (D:5)
  A sky beast (D:7)
  2 wolves (D:8)
  2 centaurs
  8 ogres
  Blork the orc (D:4)
  4 kobold brigands
  A bullfrog (D:8)
  A wyvern skeleton (D:6)
  Dowan (D:5)
  3 scorpions
  2 howler monkeys
  5 wights (D:8)
  2 electric eels (D:8)
  A bullfrog zombie (D:6)
  2 centaur zombies
  A bullfrog skeleton (D:6)
  A centaur skeleton (D:6)
  2 orc priests
  Crazy Yiuf (D:3)
  5 gnoll shamans
  7 hounds
  2 iguanas
  Natasha (twice) (D:3)
  3 orc wizards
  Terence (D:2)
  A killer bee zombie (D:8)
  A hound skeleton (D:5)
  Robin (D:3)
  7 adders
  A howler monkey skeleton (D:7)
  16 gnolls
  A shadow imp (D:7)
  2 white imps
  2 worms (D:2)
  5 dart slugs
  18 orcs
  13 ball pythons
  2 bat zombies (D:1)
  3 endoplasms
  14 goblins
  9 hobgoblins
  2 jackals (D:4)
  18 kobolds
  8 quokkas
  5 bats
  5 frilled lizards
  A quokka skeleton (D:4)
  21 rats
229 creatures vanquished.

Vanquished Creatures (others)
  4 fungi (D:7)
  7 plants (D:7)
11 creatures vanquished.

Grand Total: 240 creatures vanquished

Notes
Turn   | Place    | Note
-------+----------+-------------------------------------------
     0 | D:1      | pkoi the Draconian Monk began the quest for the Orb.
     0 | D:1      | Reached XP level 1. HP: 19/19 MP: 1/1
   115 | D:1      | Reached XP level 2. HP: 21/26 MP: 2/2
   421 | D:1      | Found a faded altar of an unknown god.
   436 | D:1      | Reached skill level 4 in Unarmed Combat
  1017 | D:2      | Reached XP level 3. HP: 31/31 MP: 3/3
  1318 | D:2      | Reached XP level 4. HP: 16/38 MP: 4/4
  1698 | D:2      | Noticed Terence
  1706 | D:2      | Killed Terence
  2013 | D:2      | Reached skill level 5 in Unarmed Combat
  2732 | D:3      | Reached XP level 5. HP: 46/46 MP: 5/5
  2864 | D:3      | Noticed Natasha
  2875 | D:3      | Killed Natasha
  2994 | D:3      | Noticed Robin
  3020 | D:3      | Killed Robin
  3235 | D:3      | Found a runed translucent door.
  3236 | D:3      | Noticed Crazy Yiuf
  3704 | D:3      | Noticed Natasha
  3712 | D:3      | Killed Natasha
  4057 | D:3      | Killed Crazy Yiuf
  4058 | D:3      | Reached XP level 6. HP: 27/52 MP: 6/6
  4302 | D:4      | Noticed Blork the orc
  4579 | D:4      | Killed Blork the orc
  4580 | D:4      | Reached skill level 6 in Unarmed Combat
  5265 | D:4      | Your scales start taking on a lurid green colour.
  5265 | D:4      | Reached XP level 7. HP: 58/60 MP: 7/7
  5265 | D:4      | Gained mutation: Your system is resistant to poisons.
                  | (rPois) [Green Draconian growth]
  5311 | D:4      | Found a shimmering blue altar of Sif Muna.
  5480 | D:4      | Found a blossoming altar of Fedhas.
  5740 | D:5      | Entered Level 5 of the Dungeon
  5877 | D:5      | Reached skill level 5 in Fighting
  6005 | D:5      | Reached skill level 7 in Unarmed Combat
  6244 | D:5      | Noticed a wyvern
  6253 | D:5      | Killed a wyvern
  6728 | D:5      | Noticed Duvessa
  6728 | D:5      | Noticed Dowan
  6739 | D:5      | Killed Duvessa
  6740 | D:5      | Reached XP level 8. HP: 44/70 MP: 8/8
  6742 | D:5      | Killed Dowan
  7418 | D:6      | Reached skill level 5 in Dodging
  7418 | D:6      | Reached skill level 8 in Unarmed Combat
  7470 | D:6      | Learned a level 2 spell: Poisonous Vapours
  7750 | D:6      | Reached skill level 1 in Air Magic
  7750 | D:6      | Reached skill level 1 in Poison Magic
  7821 | D:6      | Found Meenal's Jewellery Boutique.
  7955 | D:6      | Reached skill level 1 in Spellcasting
  8060 | D:6      | Found a staircase to the Ecumenical Temple.
  8102 | Temple   | Entered the Ecumenical Temple
  9415 | D:7      | Reached skill level 9 in Unarmed Combat
  9415 | D:7      | Reached XP level 9. HP: 67/75 MP: 12/12
  9626 | D:7      | Found a large runed translucent door.
  9627 | D:7      | Found a large runed translucent door.
 10782 | D:7      | Reached skill level 10 in Unarmed Combat
 11724 | D:8      | Reached skill level 5 in Poison Magic
 12086 | D:8      | Noticed a troll
 12215 | D:8      | Killed a troll
 12216 | D:8      | Reached XP level 10. HP: 66/83 MP: 16/16
 12732 | D:8      | Found a staircase to the Lair.
 13559 | D:9      | Noticed a two-headed ogre
 13561 | D:9      | Noticed a smoke demon
 13561 | D:9      | Noticed Joseph
 13607 | D:9      | Noticed Erolcha
 13613 | D:9      | Killed from afar by Erolcha

Illustrated notes

Levels and vault maps discovered:
D:1:      saegor_arrival_fortress, layout_basic,
          ebering_ecumenical_altar_petrified
D:2:      layout_loops_ring, columned_hall_lemuel, minmay_split_cup_large,
          uniq_terence
D:3:      layout_basic, minmay_rat_hole, uniq_natasha, uniq_robin,
          uniq_crazy_yiuf_cottage
D:4:      layout_loops_ring, marbit_many_paths,
          mainiacjoe_overflow_six_doors_small, minmay_crystal_room,
          uniq_blork_the_orc
D:5:      minmay_recursive_quarters, layout_loops_ring, uniq_duvessa
D:6:      minmay_general_purpose_star, layout_loops_ring,
          minmay_temple_entry_glass, serial_shops, nicolae_shop_stone,
          ebering_dispersal_statue_hall, corexii_corridor_pit,
          lemuel_flamethrower_2
D:7:      kennysheep_seaside_town, layout_basic, jmf_multi_god_temple2,
          patterned_corridor
D:8:      layout_loops_cross, erik_lair_island
D:9:      layout_basic, uniq_prince_ribbit1, uniq_erolcha, uniq_joseph
Temple:   nicolae_temple_x_marks_the_god

Skill      XL: |  1  2  3  4  5  6  7  8  9 |
---------------+----------------------------+-----
Unarmed Combat | 4 5 6 7 9 10 | 10.7
Dodging        | 3 4 5 |  5.0
Fighting       | 4 5 6 |  6.0
Air Magic      | 2 4 |  4.9
Poison Magic   | 3 5 |  5.9
Spellcasting   | 2 4 |  4.5
Stealth        | |  1.7

Action                   |  1- 3 |  4- 6 |  7- 9 | 10-12 || total
-------------------------+-------+-------+-------+-------++-------
Melee: Unarmed           |    43 |     1 |   245 |    63 ||   352
       Tailslap          |    10 |    19 |    44 |    10 ||    83
       Spear             |    41 |     5 |       |       ||    46
       Trident           |       |   180 |    93 |       ||   273
       Punch             |       |       |    13 |     3 ||    16
Throw: Boomerang         |       |       |     2 |       ||     2
 Abil: Breathe Noxious F |       |       |    15 |     5 ||    20
Evoke: Wand              |       |       |     1 |       ||     1
  Use: Potion            |       |     1 |       |       ||     1
       Scroll            |       |       |       |     1 ||     1
 Stab: Sleeping          |     4 |     9 |     6 |       ||    19
       Confused          |       |       |    14 |     3 ||    17
Armor: Skin              |    29 |    45 |    85 |    18 ||   177
Dodge: Dodged            |    50 |   128 |   197 |    40 ||   415
Block: Other             |       |       |    56 |    15 ||    71
       Reflection        |       |       |       |     2 ||     2
